 Dungeon Crawl Stone Soup version 0.30-a0-168-g0b976cbdc4 (webtiles) character file.

Game seed: 12405622630097473286

4102 raistware the Destroyer (level 10, 0/63 HPs)
             Began as a Human Conjurer on June 12, 2022.
             Was a Priest of Vehumet.
             Slain by Erica
             ... wielding a +3 scimitar of flaming
              (5 damage)
             ... on level 9 of the Dungeon on Sept 29, 2022.
             The game lasted 00:28:28 (9618 turns).

raistware the Destroyer (Human Conjurer)            Turns: 9618, Time: 00:28:28

Health: 0/63       AC:  3    Str: 14    XL:     10   Next: 50%
Magic:  1/23       EV: 12    Int: 23    God:    Vehumet [***...]
Gold:   455        SH:  0    Dex: 11    Spells: 13/27 levels left

rFire   . . .      SeeInvis .    v - +3 whip
rCold   + . .      Faith    .    (no shield)
rNeg    . . .      Spirit   .    a - +0 robe
rPois   .          Reflect  .    (no helmet)
rElec   .          Harm     .    (no cloak)
rCorr   .          Rampage  .    g - +0 pair of gloves
Will    .....                    (no boots)
Stlth   ++........               c - amulet of regeneration
HPRegen 1.00/turn                o - +6 ring of strength
MPRegen 0.18/turn                y - ring of protection from cold

@: no status effects
A: no striking features
a: Renounce Religion


You were on level 9 of the Dungeon.
You worshipped Vehumet.
Vehumet was most pleased with you.
You visited 2 branches of the dungeon, and saw 10 of its levels.
You also visited: Sewer and Ossuary.

You collected 515 gold pieces.
You spent 60 gold pieces at shops.

Inventory:

Hand Weapons
 v - a +3 whip (weapon)
Missiles
 b - a curare-tipped dart
 u - a throwing net
 E - 18 poisoned darts
Armour
 a - a +0 robe (worn)
 g - a +0 pair of gloves (worn)
Jewellery
 c - an amulet of regeneration (around neck)
 o - a +6 ring of strength (left hand)
 y - a ring of protection from cold (right hand)
Wands
 i - a wand of acid (11)
 p - a wand of iceblast (6)
Scrolls
 d - 3 scrolls of enchant armour
 e - 2 scrolls of enchant weapon
 f - 4 scrolls of summoning
 j - 2 scrolls of blinking
 k - 3 scrolls of acquirement {unknown}
 m - 2 scrolls of silence {unknown}
 n - a scroll of noise {unknown}
 r - 4 scrolls of teleportation {unknown}
 x - 3 scrolls of fog
 z - a scroll of amnesia {unknown}
 B - 4 scrolls of fear {unknown}
 C - a scroll of brand weapon {unknown}
 D - a scroll of vulnerability {unknown}
 F - a scroll of identify
Potions
 h - 9 potions of curing
 l - 2 potions of mutation
 q - 3 potions of brilliance
 s - 3 potions of flight
 t - 3 potions of haste
 w - a potion of might
 A - 3 potions of invisibility
 G - a potion of heal wounds


   Skills:
 - Level 2.0 Dodging
 - Level 2.0 Stealth
 * Level 9.1 Spellcasting
 * Level 10.4 Conjurations
 - Level 2.0 Hexes
 - Level 2.0 Translocations
 - Level 4.0 Earth Magic


You had 13 spell levels left.
You knew the following spells:

 Your Spells              Type           Power      Damage    Failure   Level
a - Magic Dart            Conj           100%       1d8       1%          1
b - Searing Ray           Conj           100%       2d8       1%          2
c - Fulminant Prism       Conj/Hex       19%        3d11      1%          4
d - Stone Arrow           Conj/Erth      86%        3d12      1%          3
e - Iskenderun's Mystic   Conj/Tloc      39%        2d9       1%          4

Your spell library contained the following spells:

 Spells                   Type           Power      Damage    Failure   Level
 Poisonous Vapours        Pois/Air       20%        N/A       2%          2
 Dazzling Flash           Conj/Hex       78%        N/A       1%          3
 Beastly Appendage        Tmut           20%        N/A       6%          1
 Summon Small Mammal      Summ           40%        N/A       6%          1
 Ensorcelled Hibernation  Hex/Ice        30%        N/A       6%          2
 Gell's Gravitas          Tloc           19%        N/A       9%          3
 Lesser Beckoning         Tloc           19%        N/A       9%          3
 Teleport Other           Tloc           19%        N/A       9%          3
 Wereblood                Tmut           10%        N/A       10%         2
 Summon Guardian Golem    Hex/Summ       15%        N/A       12%         3
 Call Canine Familiar     Summ           10%        N/A       19%         3
 Spider Form              Tmut/Pois      10%        N/A       19%         3
 Animate Armour           Summ/Erth      38%        N/A       26%         4
 Anguish                  Hex/Necr       7%         N/A       38%         4
 Dispersal                Tloc           9%         N/A       99%         6
 Lehudib's Crystal Spear  Conj/Erth      21%        10d6      99%         8


Dungeon Overview and Level Annotations

Branches:
Dungeon (9/15)             Temple (1/1) D:4           Sewer (visited)
Ossuary (visited)
   Lair: D:8-11         Orc: D:9-12

Altars:
Ashenzari
Cheibriados
Fedhas
Kikubaaqudgha
Makhleb
Nemelex Xobeh
Okawaru
Ru
Trog
Uskayaw
Vehumet
Wu Jian
The Shining One

Shops:
D:5 ?   D:8 :

Annotations:
D:9 Erica


Message History

Press: ? - help, Shift-Dir - straight line, f - you
Okay, then.
Casting: Searing Ray (safe; 1% risk of failure)
Confirm with . or Enter, or press ? or * to list all spells.
You can't see any susceptible monsters within range! (Use Z to cast anyway.)
Casting: Searing Ray (safe; 1% risk of failure)
Confirm with . or Enter, or press ? or * to list all spells.
You erupt in a blast of force!
The mystic blast hits something!
You start resting.
There is a strange disturbance nearby!
Casting: Iskenderun's Mystic Blast (dangerous; 1% risk of failure)
Confirm with . or Enter, or press ? or * to list all spells.
Aiming: Fulminant Prism (dangerous; 1% risk of failure)
Press: ? - help, Dir - move target, f - you
Okay, then.
Casting: Fulminant Prism (dangerous; 1% risk of failure)
Confirm with . or Enter, or press ? or * to list all spells.
Okay, then.
Casting: Fulminant Prism (dangerous; 1% risk of failure)
Confirm with . or Enter, or press ? or * to list all spells.
Aiming: Stone Arrow (safe; 1% risk of failure)
Press: ? - help, Shift-Dir - straight line Something hits you.
Something burns you.
Unknown command.
You closely miss something.
You hear some strange, mumbled words.
A lance of force appears from out of thin air!
The lance of force misses you.
Casting: Stone Arrow (safe; 1% risk of failure)
Confirm with . or Enter, or press ? or * to list all spells.
Aiming: Stone Arrow (safe; 1% risk of failure)
Press: ? - help, Shift-Dir - straight line Something hits you.
Something burns you.
You barely miss something. Something hits you! Something burns you.
You barely miss something. Something hits you! Something burns you.
* * * LOW HITPOINT WARNING * * *
Something hits you!
* * * LOW HITPOINT WARNING * * *
Something burns you.
You die...

#.#.#.... #.#.#....
#.#.#.#.#
#.#.#.#.########
#.#.#.#.#......###
#.#.......)..)....
##.#.###.#.#......###
#...${...#.########
####.#@..#.#
#.#.#.#.#
#.#)#.#.############
#.#.#.#.............
#.#.#.##############
....#.# #. #.#.#.# #.
### #. #####.


There were no monsters in sight!

Vanquished Creatures
  Pikel (D:8)
  2 orc warriors (D:8)
  2 sky beasts (D:7)
  2 centaurs
  2 lemures (D:8)
  2 phantoms (D:5)
  3 bullfrogs
  2 kobold brigands
  2 gnoll sergeants
  4 scorpions (D:5)
  14 wights
  4 killer bees (D:7)
  6 centaur zombies (Ossuary)
  A human zombie (D:6)
  A gnoll bouda (D:5)
  3 hounds
  3 orc priests
  4 jellies
  4 iguanas
  10 orc wizards
  6 mummies (Ossuary)
  20 gnolls
  8 adders
  A river rat (Sewer)
  A white imp (D:5)
  An ufetubus (D:4)
  3 worms
  2 dart slugs
  26 orcs
  7 endoplasms (D:1)
  A giant cockroach (D:4)
  5 goblins
  7 hobgoblins
  6 jackals
  18 kobolds
  12 ball pythons
  9 bats
  3 frilled lizards
  2 hobgoblin zombies (Ossuary)
  8 rats
218 creatures vanquished.

Vanquished Creatures (others)
  37 fulminant prisms
  2 plants (D:4)
39 creatures vanquished.

Grand Total: 257 creatures vanquished

Notes
Turn   | Place    | Note
-------+----------+-------------------------------------------
     0 | D:1      | raistware the Human Conjurer began the quest for the Orb.
     0 | D:1      | Reached XP level 1. HP: 13/13 MP: 3/3
   136 | D:1      | Reached XP level 2. HP: 19/19 MP: 1/5
   610 | D:1      | Reached XP level 3. HP: 24/24 MP: 3/6
   613 | D:1      | Learned a level 2 spell: Searing Ray
   698 | D:1      | Found a faded altar of an unknown god.
  1250 | D:2      | Reached XP level 4. HP: 30/30 MP: 5/8
  1255 | D:2      | Learned a level 4 spell: Fulminant Prism
  2055 | D:2      | Reached skill level 5 in Conjurations
  2309 | D:3      | Reached XP level 5. HP: 35/35 MP: 5/10
  2590 | D:3      | Learned a level 3 spell: Stone Arrow
  2781 | D:3      | Found a broken altar of Ashenzari.
  3433 | D:4      | Reached XP level 6. HP: 41/41 MP: 2/12
  3628 | D:4      | Reached skill level 6 in Conjurations
  3702 | D:4      | Found a staircase to the Ecumenical Temple.
  3711 | Temple   | Entered the Ecumenical Temple
  3845 | Temple   | Became a worshipper of Vehumet
  3985 | D:4      | Found a glowing drain.
  3992 | Sewer    | Entered a sewer
  4159 | Sewer    | Reached XP level 7. HP: 46/46 MP: 4/14
  4341 | Sewer    | Found a glowing silver altar of Zin.
  4383 | Sewer    | Learned a level 4 spell: Iskenderun's Mystic Blast
  4987 | D:5      | Entered Level 5 of the Dungeon
  4991 | D:5      | Reached skill level 5 in Spellcasting
  4994 | D:5      | Reached * piety under Vehumet
  4994 | D:5      | Offered knowledge of Freeze by Vehumet.
  5170 | D:5      | Reached skill level 1 in Hexes
  5170 | D:5      | Reached skill level 1 in Earth Magic
  5232 | D:5      | Reached skill level 1 in Translocations
  5244 | D:5      | Reached XP level 8. HP: 46/52 MP: 5/16
  5389 | D:5      | Reached skill level 7 in Conjurations
  5657 | D:5      | Found Uclitin's Magic Scroll Shop.
  5665 | D:5      | Bought a scroll of fog for 30 gold pieces
  5665 | D:5      | Bought a scroll of identify for 30 gold pieces
  6320 | D:6      | Found a sand-covered staircase.
  6325 | Ossuary  | Entered an ossuary
  6339 | Ossuary  | Reached ** piety under Vehumet
  6340 | Ossuary  | Reached XP level 9. HP: 22/57 MP: 7/18
  6359 | Ossuary  | Offered knowledge of Shock by Vehumet.
  6365 | Ossuary  | Reached skill level 8 in Conjurations
  7343 | D:7      | Offered knowledge of Poisonous Vapours by Vehumet.
  7432 | D:7      | Reached skill level 9 in Conjurations
  7547 | D:7      | Found an ornate altar of the Wu Jian Council.
  8130 | D:8      | Reached XP level 10. HP: 44/63 MP: 9/21
  8517 | D:8      | Reached *** piety under Vehumet
  8534 | D:8      | Reached skill level 10 in Conjurations
  8838 | D:8      | Found a snail-covered altar of Cheibriados.
  8893 | D:8      | Found a hide-covered altar of Uskayaw.
  9100 | D:8      | Noticed Pikel
  9108 | D:8      | Killed Pikel
  9298 | D:8      | Found Ygriluckou's Book Shop.
  9303 | D:8      | Upgraded the game from 0.29-a0-575-g0dc89cf053 to
                  | 0.30-a0-168-g0b976cbdc4
  9594 | D:9      | Noticed Erica
  9618 | D:9      | Slain by Erica

Illustrated notes

Levels and vault maps discovered:
D:1:      amcnicky_arrival_single_pillar, layout_basic,
          ebering_ecumenical_altar_abandoned, minmay_strange_pillars
D:2:      layout_loops_ring
D:3:      layout_basic, general_overflow_altar
D:4:      layout_basic, minmay_temple_entry_gardened_gates,
          cheibrodos_sewer_entry_sluice
D:5:      layout_rooms, serial_shops, nicolae_shop_crystal, grunt_ministairs_1
D:6:      layout_loops_ring, enter_ossuary_3
D:7:      layout_basic, pdpol_wu_jian_five_deadly_venoms
D:8:      nicolae_cairo_tiling_large, layout_loops_cross, cheibriados_altar_1,
          kennysheep_little_box, nicolae_stop_n_shop_2, uniq_pikel
D:9:      layout_basic, minitemple, serial_shops, shop,
          kennysheep_generic_room_2, uniq_erica
Temple:   regret_index_temple_generic_petals

Skill      XL: |  1  2  3  4  5  6  7  8  9 10 |
---------------+-------------------------------+-----
Spellcasting   | 3 4 5 6 7 9 |  9.1
Conjurations   | 5 6 7 9 10 | 10.4
Hexes          | 1 2 |  2.0
Earth Magic    | 1 2 4 |  4.0
Translocations | 1 2 |  2.0
Dodging        | |  2.0
Stealth        | |  2.0

Action                   |  1- 3 |  4- 6 |  7- 9 | 10-12 || total
-------------------------+-------+-------+-------+-------++-------
Melee: Unarmed           |     4 |     9 |    13 |       ||    26
       Whip              |       |       |    50 |     7 ||    57
       Punch             |       |       |     1 |       ||     1
 Cast: Magic Dart        |    58 |    74 |    76 |    22 ||   230
       Searing Ray       |     2 |    19 |    30 |     7 ||    58
       Fulminant Prism   |       |     2 |    22 |    13 ||    37
       Iskenderun's Myst |       |       |     1 |     6 ||     7
       Stone Arrow       |       |       |       |     6 ||     6
Evoke: Wand              |       |       |     4 |       ||     4
  Use: Potion            |       |     1 |     5 |       ||     6
       Scroll            |       |       |     7 |     3 ||    10
 Stab: Sleeping          |       |     1 |       |       ||     1
       Invisible         |       |       |     1 |       ||     1
Armor: Robe              |     3 |    16 |    60 |       ||    79
Dodge: Dodged            |    10 |    50 |   183 |    22 ||   265

Table legend: (Time is in decaauts)
 A = Elapsed time spent in this place.
 B = Non-inter-level travel time spent in this place.
 C = Inter-level travel time spent in this place.
 D = Time resting spent in this place.
 E = Time spent auto-exploring this place.
 F = Levels seen in this place.
 G = Mean time per level.
                   A        B        C        D        E       F      G
               +--------+--------+--------+--------+--------+-----+--------+
         Total |   9687 |   9472 |    215 |   1277 |   6727 |  12 |  807.2 |
       Dungeon |   8854 |   8680 |    174 |   1148 |   6354 |   9 |  983.8 |
        Temple |    175 |    134 |     41 |      0 |     95 |   1 |  175.0 |
         Sewer |    448 |    448 |      0 |     63 |    272 |   1 |  448.0 |
       Ossuary |    208 |    208 |      0 |     66 |      5 |   1 |  208.0 |
               +--------+--------+--------+--------+--------+-----+--------+

Top non-repeatable levels by time:
     D:3: 1420 daAuts
     D:8: 1306 daAuts
     D:1: 1163 daAuts
     D:6: 1138 daAuts
     D:5: 988 daAuts
     D:2: 951 daAuts
     D:4: 885 daAuts
     D:7: 785 daAuts
   Sewer: 448 daAuts
     D:9: 215 daAuts
 Ossuary: 208 daAuts
  Temple: 175 daAuts
